Map: Incorporeal LE

Players

AssciVT

  • Race: Zerg Zerg
  • League: Gold
  • Spawn Location: 11:00

LigerMaNN - Winner!

  • Race: Zerg Zerg
  • League: Diamond
  • Spawn Location: 5:00

VOD

Have the link to the VOD?

Description

Time

  • Played on: June 28, 2025, 1:36 p.m.
  • Length: 5:04
Show
View Real Time Build Order
Export as new Build Order

AssciVT Zerg 

Build Orders: Hatch First 

Get SALT Encoding   

  12  0:01  Drone  
  13  0:10  Drone  
  13  0:13  Extractor  
  13  0:16  Drone  
  15  0:22  Overlord  
  15  0:43  Drone x2  
  17  0:51  Hatchery  
  16  1:00  Extractor  
  15  1:09  Spawning Pool  
  14  1:17  Drone x2  
  16  1:18  Drone  
  17  1:44  Overlord  
  17  1:57  Queen  
  17  1:58  Zergling x4  
  21  2:05  Queen  
  23  2:19  Metabolic Boost  
  23  2:21  Drone x2  
  25  2:30  Drone x3  
  28  2:58  Drone x6  
  34  3:16  Zergling x2  
  34  3:17  Zergling x2  
  36  3:33  Overlord  
  36  3:34  Overlord x3  
  35  4:09  Drone x7  
  42  4:16  Extractor  
  41  4:22  Roach Warren  
  40  4:33  Baneling Nest  
  36  4:41  Spine Crawler  
  36  4:42  Extractor  
  36  4:44  Drone x2  
  36  4:45  Drone x2  
  38  4:46  Drone x4  
Show
View Real Time Build Order
Export as new Build Order

LigerMaNN Zerg - Winner!

Build Orders: Hatch First 

Get SALT Encoding   

  12  0:00  Drone  
  13  0:12  Overlord  
  13  0:17  Drone  
  14  0:31  Drone x2  
  14  0:34  Drone  
  17  0:50  Hatchery  
  17  0:53  Drone  
  17  0:57  Drone  
  18  1:07  Extractor  
  17  1:12  Spawning Pool  
  17  1:14  Drone  
  18  1:18  Drone  
  18  1:28  Drone  
  19  1:39  Drone  
  20  1:49  Overlord  
  20  2:02  Queen  
  20  2:03  Queen  
  20  2:04  Zergling x4  
  26  2:12  Metabolic Boost  
  26  2:16  Drone x2  
  28  2:27  Drone x2  
  30  2:38  Hatchery  
  29  2:46  Drone  
  29  2:47  Baneling Nest  
  29  3:06  Zergling x10  
  34  3:17  Queen  
  34  3:19  Overlord  
  36  3:20  Overlord  
  36  3:51  Zergling x24  
  48  4:03  Drone x4  
  52  4:24  Drone x6  
  57  4:42  Drone  
  57  4:44  Overlord x4  
  58  4:48  Roach Warren  
  58  4:49  Evolution Chamber  
Tags
 
Matchup
ZvZ
Race
Zerg
Replay Pack
June 2025
Spawn Locations
Cross Positions
Add a new tag
Caveats
  • Supply blocks, unpowered buildings, or Contaminate may cause inaccurate times.
  • Supply counts are checked every 10 seconds.